cohdb
Replays
Latest Replays
All Replays
Popular Replays
Top Player Replays
Match Explorer
How It Works
Community
CoH3 Stats
Reddit
Sign in to upload your games and track your stats! →
Sign in with Steam
Match 45985516
Unlisted
Match 45985516
Overview
Messages
Build Orders
End
Construct Infanterie Kompanie
Selects Breakthrough Battlegroup
Selects Assault Grenadiers
Pioneer Squad
MG 42 Machine Gun Team
Grenadier Squad
Grenadier Squad
Selects Breakthrough
Breakthrough
Grenadier Squad
Construct Luftwaffe Kompanie
Flak 30 Anti-aircraft Gun Team
221 Scout Car
Medical Bunker
Flak 30 Anti-aircraft Gun Team
Support Elements
Wirbelwind Flakpanzer
Pioneer Squad
Breakthrough
Pioneer Squad
Selects Mechanized Assault Group
Selects Rapid Production
Selects Blitzkrieg
Selects Rapid Production
Selects Blitzkrieg
Medical Bunker
Construct Panzer Kompanie
Pioneer Squad
Breakthrough
Panzer IV Medium Tank
Side Skirts
Breakthrough
Pioneer Squad
Selects Tiger Heavy Tank
Tiger Heavy Tank
Decapitated
Jabbats
Bran
DrewP
0
0
Comments
sign in to comment!
No comments posted yet!